cohdb
Replays
Latest Replays
All Replays
Popular Replays
Top Player Replays
Match Explorer
How It Works
Community
CoH3 Stats
Reddit
Sign in to upload your games and track your stats! →
Sign in with Steam
Match 42835383
Unlisted
Match 42835383
Overview
Messages
Build Orders
End
Vickers Machine Gun Team
Construct Section Command Post
Infantry Section
Infantry Section
Infantry Section
Grenade Package
Construct Platoon Command Post
Construct Field Infirmary
Construct Field Infirmary
Selects Canadian Shock Battlegroup
Selects Incendiary Munitions
6-pounder Anti-tank Gun Team
Unlock M3 Stuart Light Tanks
M3 Stuart Light Tank
M3 Stuart Light Tank
Selects Pyrotechnics
Royal Engineer Section
Royal Engineer Section
CMP 15cwt Truck
Selects Offensive Resupply
Infantry Training
Selects Canadian Shock Section
君思沐橙
are you happy
Siz
ironhead1125
kerem
ShadowStorm
jowonja
yourdad
0
0
Comments
sign in to comment!
No comments posted yet!